 Dungeon Crawl Stone Soup version 0.30-a0-802-gb92711bcdf (webtiles) character file.

Game seed: 7439626042510365540

37 Monkooky the Covered (level 3, 0/28 HPs)
             Began as a Demigod Wanderer on Feb 24, 2023.
             Constricted to death by a ball python (1 damage)
             ... on level 2 of the Dungeon.
             The game lasted 00:02:52 (1305 turns).

Monkooky the Covered (Demigod Wanderer)             Turns: 1305, Time: 00:02:53

Health: 0/28       AC:  3    Str:  8 (9)  XL:     3   Next: 8%
Magic:  3/6        EV:  8    Int: 19 (21) God:
Gold:   67         SH:  0    Dex: 13 (14) Spells: 3/4 levels left

rFire   . . .      SeeInvis .    a - +0 dagger
rCold   . . .      Faith    .    (no shield)
rNeg    . . .      Spirit   .    c - +0 robe
rPois   .          Reflect  .    (no helmet)
rElec   .          Harm     .    d - +0 cloak
rCorr   .          Rampage  .    (no gloves)
Will    .....                    (no boots)
Stlth   +                        (no amulet)
HPRegen 0.24/turn                (no ring)
MPRegen 0.10/turn                (no ring)

@: brilliant, constricted
A: high MP 1, forlorn, divine attributes
a: no special abilities


You were on level 2 of the Dungeon.
You visited 1 branch of the dungeon, and saw 2 of its levels.

You collected 67 gold pieces.

Inventory:

Hand Weapons
 a - a +0 dagger (weapon)
Missiles
 g - 4 silver javelins
Armour
 c - a +0 robe (worn)
 d - a +0 cloak (worn)
Scrolls
 b - a scroll of fog
 e - a scroll of blinking {unknown}
 f - a scroll of poison {unknown}
 h - a scroll of identify {unknown}


   Skills:
 - Level 1.0 Fighting
 - Level 2.6 Armour
 - Level 1.0 Dodging
 - Level 1.0 Spellcasting
 * Level 2.6 Conjurations
 - Level 1.7 Fire Magic
 - Level 1.7 Air Magic


You had 3 spell levels left.
You knew the following spells:

 Your Spells              Type           Power      Damage    Failure   Level
a - Foxfire               Conj/Fire      56%        2x1d6     8%          1

Your spell library contained the following spells:

 Spells                   Type           Power      Damage    Failure   Level
 Shock                    Conj/Air       56%        1d6       8%          1
 Scorch                   Fire           22%        2d6       14%         2
 Vhi's Electric Charge    Tloc/Air       12%        N/A       36%         3
 Ignite Poison            Fire/Tmut/Pois 4%         N/A       41%         3


Dungeon Overview and Level Annotations

Branches:
Dungeon (2/15)

Annotations:
D:2 Natasha


Innate Abilities, Weirdness & Mutations

You have an increased reservoir of magic. (+10% MP)
You shall have no god before yourself.
Your divine heritage dramatically boosts your attributes as you level up.


Message History

Natasha casts a spell at you. The magic dart hits you.
The ball python bites you but does no damage.
The ball python constricts you.
You conjure some foxfire!
The foxfire hits Natasha.
Natasha is heavily wounded.
Natasha claws you! The ball python bites you. The ball python constricts you.
You escape the ball python's grasp.
The foxfire hits Natasha but does no damage.
Natasha is heavily wounded.
Natasha claws you but does no damage.
You are too injured to fight recklessly!
Casting: Foxfire (safe; 7% risk of failure)
Press: ? - help, Q - select action, (/) - cycle Dir - look around, f - activate You conjure some foxfire!
Natasha claws you!
* * * LOW HITPOINT WARNING * * *
The ball python closely misses you. The ball python grabs you.
The ball python constricts you.
* * * LOW HITPOINT WARNING * * *
It was a potion of curing.
You feel better.
The foxfire hits Natasha but does no damage.
Natasha is heavily wounded.
The foxfire hits Natasha but does no damage.
Natasha is heavily wounded.
Natasha claws you.
* * * LOW HITPOINT WARNING * * *
The ball python bites you but does no damage.
The ball python constricts you.
It was a potion of brilliance.
You feel clever all of a sudden. Natasha claws you but does no damage.
The ball python bites you but does no damage.
The ball python constricts you.
* * * LOW HITPOINT WARNING * * *
It was a potion of degeneration.
There was something very wrong with that liquid.
You feel weakened.
You feel dopey.
You feel clumsy. The ball python barely misses you.
The ball python constricts you.
You die...

# .# ####.# #....###.
#....... # #.....##
###.#####......#
.........hS...#
.......v#@...##
###.###.####.# #.# #.# #
#<# #.# #+## ##..
#.###...## #... ##
#.##.....## ##^..
#..###.#.......## ##..._
.................####.....
.................+........


You could see Natasha and a ball python.

Vanquished Creatures
  An adder (D:2)
  A worm (D:2)
  2 ball pythons (D:1)
  3 endoplasms (D:1)
  2 giant cockroaches (D:2)
  A goblin (D:2)
  2 hobgoblins (D:1)
  3 quokkas
  3 bats
  A frilled lizard (D:2)
  2 kobolds
  4 rats (D:1)
25 creatures vanquished.

Vanquished Creatures (others)
  71 foxfires
71 creatures vanquished.

Grand Total: 96 creatures vanquished

Notes
Turn   | Place    | Note
-------+----------+-------------------------------------------
     0 | D:1      | Monkooky the Demigod Wanderer began the quest for the Orb.
     0 | D:1      | Monkooky set off with the following items: a +0 dagger, a
                  | scroll of fog, a +0 robe, a +0 cloak; and the following
                  | spells available to memorise: Foxfire, Shock, Scorch, Vhi's
                  | Electric Charge, Ignite Poison.
     0 | D:1      | Reached XP level 1. HP: 16/16 MP: 4/4
     2 | D:1      | Learned a level 1 spell: Foxfire
   217 | D:1      | Reached skill level 1 in Conjurations
   356 | D:1      | Reached XP level 2. HP: 23/23 MP: 0/5
  1036 | D:2      | Reached XP level 3. HP: 26/28 MP: 2/6
  1296 | D:2      | Noticed Natasha
  1302 | D:2      | HP: 1/28 [constriction (1)]
  1305 | D:2      | Constricted to death by a ball python

Illustrated notes

Levels and vault maps discovered:
D:1:      dpeg_arrival_lava_temple_mockup, layout_basic,
          shapermc_ecumenical_altar_venn, kennysheep_crisscross
D:2:      layout_loops_corners, basic_altar, uniq_natasha, uniq_jessica

Skill      XL: |  1  2 |
---------------+-------+-----
Conjurations   | 1 2 |  2.6
Fighting       | |  1.0
Armour         | |  2.6
Dodging        | |  1.0
Spellcasting   | |  1.0
Fire Magic     | |  1.7
Air Magic      | |  1.7

Action                     || total
---------------------------++-------
  Melee: Dagger            ||    35
   Cast: Foxfire           ||    42
    Use: Potion            ||     3
   Stab: Sleeping          ||     1
 Armour: Robe              ||    20
  Dodge: Dodged            ||    42

Table legend: (Time is in decaauts)
 A = Elapsed time spent in this place.
 B = Non-inter-level travel time spent in this place.
 C = Inter-level travel time spent in this place.
 D = Time resting spent in this place.
 E = Time spent auto-exploring this place.
 F = Levels seen in this place.
 G = Mean time per level.
                   A        B        C        D        E       F      G
               +--------+--------+--------+--------+--------+-----+--------+
         Total |   1304 |   1228 |     76 |      0 |   1032 |   2 |  652.0 |
       Dungeon |   1304 |   1228 |     76 |      0 |   1032 |   2 |  652.0 |
               +--------+--------+--------+--------+--------+-----+--------+

Top non-repeatable levels by time:
     D:1: 918 daAuts
     D:2: 386 daAuts
